 Dungeon Crawl Stone Soup version 0.30-a0-622-gddc90eaa04 (webtiles) character file.

Game seed: 30399665905317367

14455 hikkokomori the Destroyer (level 12, -11/82 HPs)
             Began as an Octopode Conjurer on Jan 11, 2023.
             Was an Initiate of Gozag.
             Mangled by an enormous slime creature (74 damage)
             ... on level 12 of the Dungeon.
             The game lasted 00:53:47 (16753 turns).

hikkokomori the Destroyer (Octopode Conjurer)      Turns: 16753, Time: 00:53:48

Health: -11/82     AC:  1    Str: 10    XL:     12   Next: 16%
Magic:  22/32      EV: 15    Int: 19    God:    Gozag
Gold:   440        SH:  9    Dex: 16    Spells: 8/26 levels left

rFire   + + +      SeeInvis +    D - +7 bardiche of Zaitimp {heavy, rF++ Will+ Int-3 Dex+4}
rCold   x . .      Faith    .    (shield currently unavailable)
rNeg    . . .      Spirit   .    (helmet restricted)
rPois   .          Reflect  +    c - amulet of Royhoc {Reflect Contam MP+9 Str+4 SH+5 SInv}
rElec   .          Harm     .    u - ring of protection from fire
rCorr   .          Rampage  .    (no ring)
Will    +....                    (no ring)
Stlth   ++++                     (no ring)
HPRegen 0.33/turn                (no ring)
MPRegen 0.23/turn                (no ring)
                                 (no ring)
                                 (no ring)

@: on blink cooldown
A: almost no armour, amphibious, 8 rings, camouflage 1, gelatinous body 1,
(nimble swimmer 1), tentacles, large bone plates 1, dopey 1, cold vulnerability
1
a: Renounce Religion, Potion Petition, Call Merchant, Bribe Branch


You were on level 12 of the Dungeon.
You worshipped Gozag.
Gozag was aware of your devotion.
You visited 3 branches of the dungeon, and saw 14 of its levels.
You also visited: Bailey.

You collected 2489 gold pieces.
You spent 1978 gold pieces at shops.
You paid 71 gold pieces to Gozag.

Inventory:

Hand Weapons
 b - a +0 dagger
 l - a +5 dagger of venom
 y - a +4 trident
 C - the +3 halberd of Might {pain, Str+2 Int+4}
   (You found it on level 9 of the Dungeon)

   Str:       It affects your strength (+2).
   Int:       It affects your intelligence (+4).
 D - the +7 bardiche of Zaitimp (weapon) {heavy, rF++ Will+ Int-3 Dex+4}
   (You took it off a deep elf pyromancer in a bailey)

   Int:       It affects your intelligence (-3).
   Dex:       It affects your dexterity (+4).
   rF:        It greatly protects you from fire.
   Will:      It increases your willpower.
Missiles
 F - a throwing net
Jewellery
 c - the amulet of Royhoc (around mantle) {Reflect Contam MP+9 Str+4 SH+5 SInv}
   (You bought it in a shop on level 9 of the Dungeon)

   [amulet of reflection]

   It reflects blocked missile attacks.
   Str:       It affects your strength (+4).
   MP:        It affects your magic capacity (+9).
   SInv:      It lets you see invisible.
   Contam:    It causes magical contamination when unequipped.
   SH:        It affects your SH (+5).
 u - a ring of protection from fire (left tentacle)
 v - an amulet of magic regeneration
 A - the ring of Pizoqidgh {rCorr Int+6 Dex+3}
   (You found it on level 12 of the Dungeon)

   [ring of intelligence]

   Int:       It affects your intelligence (+6).
   Dex:       It affects your dexterity (+3).
   rCorr:     It protects you from acid and corrosion.
 H - a ring of fire
 I - a ring of fire
Wands
 g - a wand of polymorph (4)
 n - a wand of charming (14)
 r - a wand of acid (3)
 w - a wand of mindburst (10)
Scrolls
 d - 3 scrolls of teleportation
 e - 2 scrolls of brand weapon
 f - 4 scrolls of enchant weapon
 h - a scroll of blinking
 i - a scroll of poison
 o - 2 scrolls of amnesia
 q - 2 scrolls of enchant armour
 s - a scroll of magic mapping
 t - 2 scrolls of fear
 z - a scroll of fog
 B - a scroll of torment
 G - a scroll of identify
Potions
 a - a potion of magic
 j - 2 potions of flight
 k - 2 potions of might
 m - a potion of berserk rage
 p - 2 potions of attraction
 x - 2 potions of brilliance


   Skills:
 - Level 8.0 Fighting
 + Level 5.9 Polearms
 - Level 5.2 Dodging
 - Level 6.0 Stealth
 + Level 7.6 Spellcasting
 + Level 12.2 Conjurations
 - Level 4.2 Hexes
 - Level 4.5 Translocations


You had 8 spell levels left.
You knew the following spells:

 Your Spells              Type           Power      Damage    Failure   Level
a - Magic Dart            Conj           100%       1d8       1%          1
b - Searing Ray           Conj           100%       2d8       1%          2
c - Fulminant Prism       Conj/Hex       19%        3d11      3%          4
d - Iskenderun's Battles  Conj           52%        2d10      1%          5
e - Blink                 Tloc           48%        N/A       2%          2
f - Passage of Golubria   Tloc           24%        N/A       16%         4

Your spell library contained the following spells:

 Spells                   Type           Power      Damage    Failure   Level
 Apportation              Tloc           48%        N/A       1%          1
 Shock                    Conj/Air       100%       1d9       1%          1
 Slow                     Hex            92%        N/A       1%          1
 Momentum Strike          Conj/Tloc      78%        3d10      1%          2
 Dazzling Flash           Conj/Hex       76%        N/A       1%          3
 Iskenderun's Mystic Bla  Conj/Tloc      39%        2d9       3%          4
 Confusing Touch          Hex            23%        N/A       4%          3
 Gell's Gravitas          Tloc           24%        N/A       4%          3
 Lesser Beckoning         Tloc           48%        N/A       4%          3
 Teleport Other           Tloc           24%        N/A       4%          3
 Tukima's Dance           Hex            23%        N/A       4%          3
 Flame Wave               Conj/Fire      30%        2d9       8%          4
 Scorch                   Fire           14%        2d5       14%         2
 Swiftness                Air            7%         N/A       28%         3
 Vampiric Draining        Necr           7%         2d6       28%         3
 Airstrike                Air            3%         2d(1-17)  67%         4
 Yara's Violent Unravell  Hex/Tmut       7%         3d5       73%         5
 Iron Shot                Conj/Erth      15%        9d4       75%         6
 Starburst                Conj/Fire      15%        6d6       75%         6
 Alistair's Intoxication  Tmut/Pois      4%         N/A       95%         5
 Borgnjor's Vile Clutch   Necr/Erth      3%         N/A       95%         5
 Death Channel            Necr           3%         N/A       100%        6
 Summon Cactus Giant      Summ           3%         N/A       100%        6
 Spellforged Servitor     Conj/Summ      15%        N/A       100%        7
 Animate Dead             Necr           Unusable   N/A       N/A         4

Dungeon Overview and Level Annotations

Branches:
Dungeon (12/15)            Temple (1/1) D:5             Orc (1/2) D:9
 Bailey (visited)
   Lair: D:8-11

Altars:
Ashenzari
Cheibriados
Dithmenos
Elyvilon
Fedhas
Gozag
Hepliaklqana
Kikubaaqudgha
Makhleb
Nemelex Xobeh
Okawaru
Qazlal
Ru
Sif Muna
Trog
Uskayaw
Vehumet
Wu Jian
Xom
Yredelemnul
Zin
The Shining One

Shops:
D:7 =[=[   D:9 :*[=


Innate Abilities, Weirdness & Mutations

You cannot wear most types of armour.
You are amphibious.
You can wear up to eight rings at the same time.
Your skin changes colour to match your surroundings (Stealth+).
Your rubbery body absorbs attacks. (AC +1, EV +1)
((You are camouflaged when in or above water. (Stealth+)))
You have tentacles for arms and can constrict up to eight enemies at once.
You are partially covered in large bone plates. (SH +4)
You are dopey. (Int -2)
You are vulnerable to cold. (rC-)


Message History

Your fulminant prism explodes!
The blast of energy engulfs the slime creature!
The slime creature is severely wounded.
The blast of energy engulfs the slime creature!
The slime creature is moderately wounded.
The slime creature hits you! You block the slime creature's attack.
You hear a shout!
Unknown command.
Casting: Fulminant Prism (dangerous; 3% risk of failure)
Confirm with . or Enter, or press ? or * to list all spells.
Aiming: Fulminant Prism (dangerous; 3% risk of failure)
Press: ? - help, Dir - move target You conjure a prism of explosive energy!
A fulminant prism comes into view.
The slime creature hits you.
You barely miss the slime creature. You squeeze the slime creature!
The slime creature is severely wounded.
Two slime creatures merge to form a large slime creature.
Two slime creatures merge to form a very large slime creature.
Your fulminant prism crackles loudly.
Your fulminant prism explodes!
The blast of energy engulfs the slime creature!
The slime creature is lightly wounded.
Two slime creatures merge to form an enormous slime creature.
Unknown command.
Unknown command.
Casting: Fulminant Prism (dangerous; 3% risk of failure)
Confirm with . or Enter, or press ? or * to list all spells.
You blink.
The enormous slime creature barely misses you.
Okay, then.
Okay, then.
Aiming: Charm
Press: ? - help, Shift-Dir - straight line, f - enormous slime creature
Aim: an enormous slime creature (moderately wounded, chance to affect: 31%)
The enormous slime creature easily resists.
The enormous slime creature hits you!!!!
Ouch! That really hurt!
You die...
Your body crumbles into a pile of gold.

#.#...##..#.#.#.#
#...#<...........
#..#.....#.#.#.#.
#..#..#.......... ...
#.##.##.#.#.#.#.# ....##......
####.#..##..........
....#...#...##...ยง...#.#.#.#.#.#.
......#.....##.##J##.##..........
........##..##.#@.##.##.#.#.#.#.#
##......##..##.#..##.##..........
#.....#..#...........##..#.#.#.#.
#.....#..#.........####.#........
......#............# #.#.#.#.#.#
..#.#..............# #.##.......
#.#.#..#...........# #.##.#.#.#.
..#.#..##..........# #.###......
..#.#..##..........# #.....#.#.#


You could see an enormous slime creature.

Vanquished Creatures
  A centaur warrior (D:10)
  2 two-headed ogres
  A deep elf pyromancer (Bailey)
  An orc knight (Bailey)
  2 manticores (D:11)
  A cyclops (D:11)
  A gargoyle (D:10)
  An unseen horror (D:12)
  3 trolls
  Sigmund (D:2)
  2 wraiths
  13 yaks
  2 shadows (D:11)
  A wyvern (D:9)
  A steam dragon (D:6)
  3 vampire mosquitoes (D:10)
  Menkaure (D:7)
  An acid dragon (D:12)
  Duvessa (D:7)
  2 water moccasins (D:5)
  2 ice beasts
  12 orc warriors
  A sky beast (D:7)
  3 ogres (Orc:1)
  2 centaurs
  4 kobold brigands
  5 bullfrogs
  Blork the orc (D:4)
  A gnoll sergeant (D:9)
  5 scorpions
  Dowan (D:7)
  10 wights
  16 killer bees
  6 howler monkeys
  A jelly (D:7)
  5 hounds
  2 gnoll boudas
  8 orc priests
  4 iguanas
  Natasha (thrice) (D:4)
  7 orc wizards
  Robin (D:2)
  18 gnolls
  8 adders
  A shadow imp (D:8)
  A white imp (D:6)
  An ufetubus (D:4)
  2 worms
  A dart slug (D:1)
  71 orcs
  4 ball pythons
  4 endoplasms
  6 giant cockroaches
  10 hobgoblins
  6 jackals
  2 quokkas
  8 bats
  3 frilled lizards
  18 goblins
  23 kobolds
  9 rats
337 creatures vanquished.

Vanquished Creatures (collateral kills)
  An orc priest (D:9)
  7 orcs (D:9)
8 creatures vanquished.

Vanquished Creatures (others)
  A yak (D:12)
  An orc warrior (D:9)
  101 fulminant prisms
  A fungus (D:4)
104 creatures vanquished.

Grand Total: 449 creatures vanquished

Notes
Turn   | Place    | Note
-------+----------+-------------------------------------------
     0 | D:1      | hikkokomori the Octopode Conjurer began the quest for the
                  | Orb.
     0 | D:1      | Reached XP level 1. HP: 11/11 MP: 3/3
   320 | D:1      | Reached XP level 2. HP: 17/17 MP: 0/5
   796 | D:1      | Reached XP level 3. HP: 21/21 MP: 3/6
  1463 | D:2      | Reached XP level 4. HP: 23/27 MP: 2/7
  1508 | D:2      | Noticed Sigmund
  2420 | D:3      | Found an ancient bone altar of Kikubaaqudgha.
  2445 | D:3      | Found a broken altar of Ashenzari.
  2449 | D:3      | Reached XP level 5. HP: 31/31 MP: 5/9
  2898 | D:3      | Learned a level 2 spell: Searing Ray
  3074 | D:3      | Found a faded altar of an unknown god.
  3078 | D:3      | Found a blossoming altar of Fedhas.
  3231 | D:4      | Noticed Natasha
  3239 | D:3      | Reached XP level 6. HP: 21/36 MP: 2/10
  3359 | D:4      | Reached skill level 5 in Conjurations
  3412 | D:4      | Reached skill level 5 in Stealth
  3440 | D:4      | HP: 1/36 [gnoll/+3 halberd (14)]
  3729 | D:4      | Killed Natasha
  3772 | D:4      | Noticed Natasha
  3776 | D:4      | Killed Natasha
  3784 | D:4      | Noticed Natasha
  3846 | D:3      | Learned a level 4 spell: Fulminant Prism
  3907 | D:2      | Noticed Robin
  3925 | D:2      | Killed Robin
  3926 | D:2      | Reached XP level 7. HP: 36/41 MP: 1/11
  4146 | D:2      | Killed Sigmund
  4147 | D:2      | Reached skill level 1 in Fighting
  4147 | D:2      | Reached skill level 6 in Conjurations
  4147 | D:2      | Reached skill level 1 in Hexes
  4325 | D:4      | Killed Natasha
  4437 | D:4      | Noticed Blork the orc
  4444 | D:4      | Killed Blork the orc
  5060 | D:5      | Entered Level 5 of the Dungeon
  5066 | D:5      | Reached XP level 8. HP: 40/51 MP: 5/12
  5376 | D:5      | Found a staircase to the Ecumenical Temple.
  5463 | D:5      | Reached skill level 7 in Conjurations
  5506 | D:5      | Learned a level 3 spell: Swiftness
  5509 | D:5      | Learned a level 2 spell: Blink
  5631 | D:5      | Found a basalt altar of Yredelemnul.
  5675 | D:5      | Found a snail-covered altar of Cheibriados.
  5875 | D:5      | Found a stormy altar of Qazlal.
  5981 | Temple   | Entered the Ecumenical Temple
  6159 | Temple   | Became a worshipper of Gozag Ym Sagoz the Greedy
  6718 | D:6      | Reached skill level 5 in Fighting
  6718 | D:6      | Reached XP level 9. HP: 10/61 MP: 4/13
  6750 | D:6      | Reached skill level 8 in Conjurations
  7373 | D:7      | Found Zaemejyr's Antique Armour Shop.
  7418 | D:7      | Found Woastiucu's Jewellery Shop.
  7426 | D:7      | Noticed Menkaure
  7430 | D:7      | Killed Menkaure
  7436 | D:7      | Bought an amulet of magic regeneration for 300 gold pieces
  7576 | D:7      | Found Apyunihu's Jewellery Boutique.
  7844 | D:7      | Found Udel's Antique Armour Emporium.
  8013 | D:7      | Reached skill level 9 in Conjurations
  8283 | D:7      | Found a hide-covered altar of Uskayaw.
  8547 | D:7      | Noticed Duvessa
  8548 | D:7      | Noticed Dowan
  8553 | D:7      | Killed Dowan
  8566 | D:7      | Killed Duvessa
  8567 | D:7      | Reached XP level 10. HP: 59/72 MP: 5/14
  9347 | D:8      | Reached skill level 10 in Conjurations
  9450 | D:8      | Noticed a two-headed ogre
  9459 | D:8      | Killed a two-headed ogre
  9460 | D:8      | Reached skill level 1 in Translocations
 10077 | D:9      | Found a sacrificial altar of Ru.
 10114 | D:9      | Found a staircase to the Orcish Mines.
 10424 | D:9      | Found Jietsap's Book Shop.
 10429 | D:9      | Found Tufituj's Armour Emporium.
 10437 | D:9      | Found Geycvor's Jewellery Shoppe.
 10464 | D:9      | Found a flagged portal.
 10479 | D:9      | Identified the +3 halberd of Might {pain, Str+2 Int+4}
 10483 | Bailey   | Entered a bailey
 10752 | Bailey   | Noticed an orc knight
 10767 | Bailey   | Killed an orc knight
 10815 | Bailey   | Found a large runed translucent door.
 10815 | Bailey   | Found a large runed translucent door.
 10816 | Bailey   | Identified the +7 bardiche of Zaitimp {heavy, rF++ Will+
                  | Int-3 Dex+4}
 10816 | Bailey   | Noticed a deep elf pyromancer
 10817 | Bailey   | Found the +5 robe of Night {Dark Will+ SInv}
 10861 | Bailey   | Reached skill level 5 in Dodging
 10914 | Bailey   | Killed a deep elf pyromancer
 11037 | D:9      | Reached skill level 5 in Spellcasting
 11042 | D:9      | Learned a level 4 spell: Passage of Golubria
 11076 | D:9      | Bought a book of Power for 672 gold pieces
 11083 | D:9      | Learned a level 5 spell: Iskenderun's Battlesphere
 11106 | D:9      | Reached XP level 11. HP: 77/77 MP: 12/18
 11280 | D:9      | Reached skill level 1 in Polearms
 11347 | D:9      | Found Bohin's Assorted Antiques.
 11678 | D:9      | Reached skill level 11 in Conjurations
 12323 | D:10     | Entered Level 10 of the Dungeon
 12571 | D:10     | Noticed a two-headed ogre
 12587 | D:10     | Killed a two-headed ogre
 12854 | D:10     | Found a radiant altar of Vehumet.
 13266 | D:10     | Noticed a centaur warrior
 13286 | D:10     | Killed a centaur warrior
 14043 | D:11     | Noticed a manticore
 14085 | D:11     | Killed a manticore
 14088 | D:11     | Noticed a manticore
 14524 | D:11     | Killed a manticore
 14691 | D:11     | Noticed a cyclops
 14698 | D:10     | HP: 2/77 [killer bee (5)]
 15012 | D:10     | Gained mutation: You are vulnerable to cold. (rC-) [potion
                  | of mutation]
 15012 | D:10     | Gained mutation: You are dopey. (Int -2) [potion of
                  | mutation]
 15012 | D:10     | Gained mutation: You are partially covered in large bone
                  | plates. (SH +4) [potion of mutation]
 15014 | D:10     | HP: 3/77 [poisoned by a killer bee]
 15278 | Orc:1    | Entered Level 1 of the Orcish Mines
 15558 | D:9      | Bought the amulet of Royhoc {Reflect Contam MP+9 Str+4 SH+5
                  | SInv} for 1006 gold pieces
 15737 | D:11     | Killed a cyclops
 15738 | D:11     | Reached skill level 5 in Polearms
 15935 | D:11     | You fall into a shaft and drop 1 floor!
 15956 | D:12     | Reached skill level 12 in Conjurations
 15957 | D:12     | Reached XP level 12. HP: 70/82 MP: 4/22
 16433 | D:12     | Identified the +4 ring mail of Ofasaish {Str+4 Int+3 Dex-3}
 16728 | D:12     | Identified the ring of Pizoqidgh {rCorr Int+6 Dex+3}
 16753 | D:12     | Mangled by an enormous slime creature

Illustrated notes

Levels and vault maps discovered:
D:1:      denvon_arrival_planthouse, layout_loops_corners, st_stairs_14
D:2:      layout_loops_ring, minmay_strange_pillars, minmay_tree_intersection,
          grunt_ministairs_9, uniq_sigmund, uniq_robin
D:3:      layout_basic, nicolae_overflow_ecumenical_swirl,
          nicolae_overflow_crystal_walls, ashenzari_altar_1
D:4:      layout_cave_pools, dreamdust_gnoll_farm, uniq_natasha,
          uniq_blork_the_orc
D:5:      layout_cave_pools, mainiacjoe_overflow_catwalk,
          cheibrodos_worm_habitat, nicolae_overflow_hidden_temple,
          temple_doors_e
D:6:      layout_loops_ring
D:7:      layout_loops_ring, lemuel_round_altar, serial_shops,
          nicolae_take_the_stairs, nicolae_shop_stone, nicolae_stop_n_shop_1,
          shop, nrook_pool_corridor, chequers_serial_rivers_large_a,
          uniq_duvessa, uniq_menkaure
D:8:      minmay_skewed_foursquare, layout_loops_ring,
          hangedman_decor_diamond_cutter
D:9:      layout_stronghold, nicolae_ru_great_annihilating_truth,
          hiddenorc2_lemuel, enter_bailey_2, serial_shops, shop, shop, shop,
          shop
D:10:     layout_basic, nicolae_vehumet_altar_sigil, item_on_display_a
D:11:     layout_rooms, lair_entry_dummy, serial_shops, shop
D:12:     layout_rooms, hex_large
Temple:   nicolae_temple_figure_eight
Orc:1:    layout_caves, mines_bat_river

Skill      XL: |  1  2  3  4  5  6  7  8  9 10 11 |
---------------+----------------------------------+-----
Stealth        | 3 4 6 |  6.0
Dodging        | 3 5 |  5.2
Spellcasting   | 3 5 7 |  7.6
Conjurations   | 5 6 7 9 10 12 | 12.2
Fighting       | 2 5 7 8 |  8.0
Hexes          | 2 4 |  4.2
Translocations | 3 4 |  4.5
Polearms       | 5 |  5.9

Action                   |  1- 3 |  4- 6 |  7- 9 | 10-12 || total
-------------------------+-------+-------+-------+-------++-------
Melee: Unarmed           |    12 |       |       |       ||    12
       Tentacles         |     7 |     5 |    14 |    15 ||    41
       Constrict         |     7 |     4 |    19 |    15 ||    45
       Dagger            |    18 |    17 |    74 |    40 ||   149
       Punch             |     1 |       |     2 |     1 ||     4
       Bardiche          |       |       |       |    54 ||    54
 Cast: Magic Dart        |    60 |   104 |   112 |   143 ||   419
       Searing Ray       |       |     8 |    21 |    20 ||    49
       Fulminant Prism   |       |       |    20 |    81 ||   101
       Blink             |       |       |       |     4 ||     4
       Iskenderun's Batt |       |       |       |    15 ||    15
       Passage of Golubr |       |       |       |     1 ||     1
Evoke: Wand              |       |       |       |    10 ||    10
  Use: Scroll            |       |     4 |     5 |    18 ||    27
       Potion            |       |       |     2 |    14 ||    16
 Stab: Sleeping          |       |       |     1 |     5 ||     6
       Distracted        |       |       |       |     1 ||     1
       Paralysed         |       |       |       |     1 ||     1
Armor: Skin              |       |       |     4 |    33 ||    37
Dodge: Dodged            |    21 |    13 |    78 |   149 ||   261
Block: Other             |       |       |       |    23 ||    23
       Reflection        |       |       |       |     2 ||     2

Table legend: (Time is in decaauts)
 A = Elapsed time spent in this place.
 B = Non-inter-level travel time spent in this place.
 C = Inter-level travel time spent in this place.
 D = Time resting spent in this place.
 E = Time spent auto-exploring this place.
 F = Levels seen in this place.
 G = Mean time per level.
                   A        B        C        D        E       F      G
               +--------+--------+--------+--------+--------+-----+--------+
         Total |  16859 |  16144 |    715 |   3108 |  10385 |  15 | 1123.9 |
       Dungeon |  15921 |  15249 |    672 |   3095 |   9786 |  12 | 1326.8 |
        Temple |    240 |    216 |     24 |      0 |    214 |   1 |  240.0 |
  Orcish Mines |    192 |    174 |     18 |      0 |    122 |   1 |  192.0 |
        Bailey |    504 |    504 |      0 |     13 |    263 |   1 |  504.0 |
               +--------+--------+--------+--------+--------+-----+--------+

Top non-repeatable levels by time:
    D:10: 2959 daAuts
     D:9: 1724 daAuts
     D:3: 1548 daAuts
     D:7: 1519 daAuts
     D:8: 1449 daAuts
     D:1: 1413 daAuts
     D:4: 1167 daAuts
     D:6: 1102 daAuts
     D:2: 1085 daAuts
    D:12: 830 daAuts
     D:5: 820 daAuts
  Bailey: 504 daAuts
    D:11: 300 daAuts
  Temple: 240 daAuts
   Orc:1: 192 daAuts
